Map: Acolyte LE

Players

FireHawk - Winner!

  • Race: Terran Terran
  • League: Diamond
  • Spawn Location: 1:00

Robola

  • Race: Terran Terran
  • League: Diamond
  • Spawn Location: 7:00

VOD

Have the link to the VOD?

Description

Time

  • Played on: Sept. 13, 2017, 12:47 p.m.
  • Length: 19:14
Show
View Real Time Build Order
Export as new Build Order

FireHawk Terran - Winner!

Build Orders: Cyclone Opening, Reaper Expand, Bio Tank 

Get SALT Encoding   

  12  0:00  SCV  
  13  0:13  SCV  
  14  0:18  Supply Depot  
  14  0:24  Refinery  
  14  0:29  SCV  
  15  0:41  SCV  
  16  0:46  Barracks  
  16  0:53  SCV  
  17  1:05  SCV  
  18  1:18  SCV  
  19  1:36  Reaper, Orbital Command  
  20  1:54  Command Center  
  20  2:05  Factory  
  20  2:15  Reaper  
  21  2:17  Supply Depot  
  21  2:20  Refinery  
  21  2:27  SCV  
  22  2:39  SCV  
  23  2:48  Barracks Tech Lab  
  23  2:49  Cyclone  
  26  2:52  SCV  
  27  3:04  SCV  
  27  3:05  Supply Depot  
  28  3:08  Orbital Command  
  28  3:13  Starport  
  28  3:22  SCV  
  29  3:28  Cyclone  
  29  3:33  SCV  
  33  3:37  SCV  
  34  3:46  SCV  
  35  3:49  SCV  
  35  3:50  Cloaking Field  
  35  4:00  SCV  
  35  4:01  SCV  
  36  4:07  Banshee  
  38  4:12  Marine  
  38  4:14  SCV x2  
  40  4:17  Factory Tech Lab  
  40  4:21  Refinery  
  40  4:23  Supply Depot  
  40  4:26  SCV x2  
  40  4:27  Engineering Bay  
  42  4:32  Barracks Tech Lab  
  42  4:38  Siege Tank, SCV x2  
  47  4:46  Supply Depot  
  47  4:50  SCV  
  47  4:51  SCV  
  49  4:53  Viking  
  51  5:01  Missile Turret x2  
  51  5:03  SCV x2  
  53  5:09  Marine  
  53  5:10  Siege Tank  
  57  5:15  SCV x2  
  57  5:19  Supply Depot  
  59  5:22  Supply Depot  
  59  5:23  Refinery  
  59  5:27  SCV x2  
  61  5:39  SCV x2  
  63  5:47  Siege Tank  
  66  5:51  SCV x2  
  66  5:54  Command Center  
  66  5:55  Stimpack  
  65  6:02  Starport Reactor  
  65  6:03  SCV x2  
  67  6:11  Terran Infantry Weapons Level 1  
  67  6:15  Engineering Bay, Supply Depot, SCV x2  
  69  6:25  Barracks  
  69  6:28  Barracks  
  69  6:31  Barracks  
  69  6:32  Marine  
  70  6:37  Missile Turret  
  70  6:39  Missile Turret  
  70  6:41  Medivac x2, Missile Turret  
  70  6:43  Terran Infantry Armor Level 1  
  70  6:45  Supply Depot  
  74  6:50  Marine  
  75  6:55  Armory  
  75  7:00  Siege Tank  
  78  7:07  Marine  
  79  7:08  Orbital Command  
  79  7:11  Supply Depot  
  79  7:12  Supply Depot  
  79  7:13  Marine  
  80  7:18  Barracks Reactor  
  80  7:20  Barracks Reactor  
  80  7:21  Missile Turret  
  80  7:22  Combat Shields  
  80  7:25  Marine  
  80  7:29  Orbital Command  
  81  7:31  Marine  
  82  7:43  Marine  
  83  7:48  Marine  
  84  7:56  Terran Vehicle Weapons Level 1  
  84  7:58  Marine x3, Supply Depot x2  
  84  7:59  Marine  
  84  8:00  SCV x3  
  84  8:01  Marine  
  92  8:06  Marine  
  92  8:10  Missile Turret  
  92  8:12  SCV x3  
  96  8:13  Sensor Tower, Missile Turret  
  96  8:15  Terran Infantry Weapons Level 2  
  96  8:16  Marine x3  
  96  8:17  Marine  
  96  8:19  Marine  
  101  8:24  Marine  
  101  8:31  Siege Tank  
  101  8:34  Marine x3  
  102  8:36  Marine x2  
  102  8:38  SCV x2  
  109  8:42  Marine, Refinery  
  109  8:44  Refinery  
  109  8:46  Sensor Tower  
  107  8:50  Terran Infantry Armor Level 2  
  107  8:52  Marine  
  107  8:54  Marine x3  
  107  8:55  Marine  
  109  9:00  Marine  
  110  9:03  Siege Tank  
  110  9:07  Barracks, SCV x3  
  110  9:08  Barracks  
  110  9:09  Marine  
  116  9:10  Supply Depot  
  116  9:12  Marine x2  
  116  9:16  Marine x2  
  121  9:19  SCV x2  
  121  9:24  Supply Depot  
  123  9:30  Starport  
  123  9:31  SCV x3  
  125  9:36  Siege Tank  
  129  9:43  SCV x2  
  129  9:44  Marine x3  
  134  9:50  Command Center, Fusion Core  
  134  9:54  Supply Depot  
  134  9:55  Barracks Reactor  
  134  9:56  Barracks Reactor  
  134  9:58  Terran Ship Weapons Level 1  
  134  10:02  Supply Depot  
  134  10:03  Viking x2  
  138  10:13  Siege Tank  
  143  10:33  Viking x2  
  147  10:37  Armory, Supply Depot  
  147  10:38  Starport Tech Lab  
  145  10:50  Terran Infantry Weapons Level 3  
  145  10:52  Supply Depot  
  145  11:02  Viking  
  145  11:03  Viking  
  149  11:19  Viking  
  149  11:24  Siege Tank  
  154  11:27  Advanced Ballistics  
  154  11:33  Sensor Tower, Supply Depot  
  154  11:40  Terran Vehicle And Ship Armor Level 1  
  154  11:48  Supply Depot  
  154  11:52  Barracks  
  154  11:53  Barracks  
  154  11:56  Siege Tank  
  154  11:58  Marine x2  
  154  11:59  Marine x7  
  154  12:00  Marine  
  167  12:10  Medivac x3  
  173  12:16  Planetary Fortress  
  173  12:18  Terran Ship Weapons Level 2  
  173  12:19  Terran Infantry Armor Level 3  
  173  12:26  Liberator  
  173  12:31  Liberator x2  
  165  12:42  Siege Tank  
  133  12:45  Refinery  
  133  12:46  Refinery  
  133  12:49  Marine x4  
  133  12:50  Marine x6  
  149  13:07  Marine x3  
  149  13:09  Liberator  
  149  13:11  Marine x5  
  149  13:12  Sensor Tower, Marine x2  
  159  13:14  Siege Tank  
  159  13:19  Liberator  
  162  13:20  Liberator  
  162  13:25  Sensor Tower, Marine x2  
  173  13:46  Siege Tank  
  176  13:48  Terran Vehicle And Ship Armor Level 2  
  176  13:51  Liberator  
  176  13:53  Command Center  
  176  13:56  Command Center  
  179  14:18  Siege Tank  
  179  14:35  Barracks Reactor x2  
  179  14:37  Terran Ship Weapons Level 3  
  179  14:50  Siege Tank  
  179  14:51  Command Center  
  182  14:53  Viking  
  182  14:54  Factory, Viking x2  
  183  15:22  Siege Tank  
  186  15:47  Factory Tech Lab  
  186  15:48  Marine x3  
  186  15:49  Marine x5  
  194  15:54  Siege Tank  
  197  15:59  Refinery  
  197  16:01  Refinery  
  197  16:17  Liberator x3  
  194  17:00  Liberator x3  
  182  17:06  Marine  
  182  17:07  Marine x7  
  182  17:08  Marine x2  
  160  17:10  Marine x4  
  164  17:24  Marine x3  
  164  17:25  Marine x6  
  164  17:26  Marine  
  164  17:28  Marine x4  
  178  17:42  Marine x4, Planetary Fortress  
  178  17:43  Liberator x2, Marine x6  
  188  17:45  Marine  
  188  17:46  Marine x3  
  192  18:00  Marine x2  
  192  18:05  Refinery  
  200  18:06  Planetary Fortress  
  200  18:11  Refinery  
  199  18:26  Marine x3  
  156  18:29  Marine x6  
  156  18:30  Marine x2  
  151  18:37  Marine x3  
  151  18:40  Siege Tank  
  134  18:44  Marine x3  
  134  18:47  Marine x6  
  140  18:52  Marine x2  
  140  18:54  Marine x2  
  140  18:55  Marine  
Show
View Real Time Build Order
Export as new Build Order

Robola Terran 

Build Orders: Reaper Expand, Bio Tank 

Get SALT Encoding   

  12  0:00  SCV  
  13  0:12  SCV  
  14  0:17  Supply Depot  
  14  0:25  SCV  
  15  0:34  Refinery  
  15  0:38  SCV  
  16  0:46  Barracks  
  16  0:51  SCV  
  17  1:03  SCV  
  18  1:15  SCV  
  19  1:37  Orbital Command  
  19  1:38  Reaper  
  20  1:55  Command Center  
  19  2:01  Factory  
  19  2:05  SCV  
  20  2:11  Reaper  
  21  2:17  Supply Depot  
  21  2:19  SCV  
  22  2:28  Refinery  
  22  2:31  SCV  
  23  2:43  SCV  
  23  2:44  Barracks Reactor  
  24  2:45  Hellion  
  26  2:55  SCV  
  27  3:03  Starport  
  27  3:07  Factory Tech Lab  
  27  3:14  SCV  
  27  3:15  Orbital Command  
  28  3:21  Marine  
  28  3:22  Marine  
  28  3:25  Barracks  
  28  3:26  Orbital Command  
  30  3:36  Siege Tank  
  33  3:44  SCV  
  34  3:56  SCV  
  33  4:02  Marine  
  33  4:03  Marine  
  33  4:05  SCV  
  33  4:08  SCV  
  36  4:17  SCV  
  36  4:20  Marine, SCV  
  39  4:26  Barracks Tech Lab  
  39  4:31  SCV  
  40  4:35  Viking  
  42  4:38  SCV  
  42  4:43  SCV  
  42  4:44  Stimpack  
  42  4:45  Marine  
  45  4:46  Marine  
  46  4:57  Supply Depot  
  46  4:58  Supply Depot  
  46  5:05  Starport Reactor  
  46  5:18  Command Center, Marine  
  46  5:19  Marine x2, SCV x2  
  51  5:24  Siege Tank  
  51  5:27  Supply Depot  
  54  5:31  SCV x2  
  53  5:36  Marine x2  
  53  5:43  SCV x2  
  53  5:53  Marine  
  53  5:54  Marine  
  53  5:55  SCV x2  
  53  5:56  Medivac, Viking  
  61  5:59  Siege Tank  
  61  6:03  Engineering Bay  
  64  6:12  SCV x2  
  64  6:17  Supply Depot  
  66  6:20  Supply Depot  
  66  6:21  Marine  
  66  6:24  SCV  
  66  6:25  SCV  
  67  6:28  Marine  
  67  6:29  Medivac  
  67  6:31  Medivac  
  72  6:42  Refinery  
  72  6:44  Missile Turret  
  72  6:49  Marine x2, Missile Turret  
  72  6:50  Marine  
  75  6:58  SCV x2  
  77  7:10  Siege Tank  
  80  7:16  SCV x2  
  80  7:17  Missile Turret  
  80  7:20  Missile Turret  
  80  7:22  Missile Turret  
  82  7:23  Missile Turret, Refinery  
  82  7:26  Orbital Command  
  82  7:28  SCV  
  82  7:29  SCV  
  84  7:37  Terran Infantry Weapons Level 1  
  84  7:41  SCV  
  84  7:43  Engineering Bay, Armory  
  85  7:45  SCV  
  85  7:46  Missile Turret  
  85  7:47  Marine  
  87  7:52  Missile Turret, SCV  
  87  7:57  SCV x2  
  87  7:58  Marine x2  
  91  8:04  Siege Tank, SCV  
  91  8:05  Marine  
  97  8:10  Missile Turret  
  97  8:15  Terran Infantry Armor Level 1  
  97  8:16  Marine  
  97  8:19  SCV x3  
  101  8:25  Missile Turret  
  101  8:31  SCV  
  101  8:33  Marine  
  98  8:36  Siege Tank, SCV  
  101  8:44  Combat Shields  
  101  8:48  SCV  
  101  9:04  Supply Depot  
  101  9:05  Supply Depot  
  101  9:09  Barracks  
  101  9:11  Barracks  
  101  9:12  Terran Vehicle Weapons Level 1, Barracks  
  101  9:17  Missile Turret  
  101  9:21  Sensor Tower  
  101  9:24  Sensor Tower  
  101  9:26  Marine x3, Siege Tank, SCV x3  
  101  9:28  Supply Depot  
  110  9:35  Viking  
  110  9:38  SCV x3  
  114  9:43  Marine x2  
  117  9:49  Marine  
  117  9:50  SCV x3, Viking  
  123  10:01  Marine x2  
  123  10:05  Barracks Reactor  
  123  10:06  Barracks Reactor  
  125  10:08  Barracks Reactor  
  125  10:12  Supply Depot  
  125  10:13  Supply Depot  
  125  10:16  Marine, Siege Tank, SCV x3  
  125  10:18  Missile Turret  
  125  10:19  Marine  
  133  10:31  Missile Turret  
  133  10:33  Marine  
  133  10:34  Marine, SCV  
  136  10:37  Marine  
  137  10:47  SCV x3  
  137  10:48  Siege Tank, Refinery  
  143  10:50  Factory  
  143  10:51  Marine, Supply Depot  
  143  10:52  Marine  
  143  10:53  Refinery  
  143  10:54  Supply Depot  
  143  10:55  Marine  
  146  10:59  SCV x2  
  146  11:02  Marine  
  149  11:12  Marine x6  
  149  11:15  Command Center  
  149  11:16  SCV x2  
  149  11:17  SCV  
  156  11:18  Command Center  
  156  11:28  SCV  
  156  11:29  Marine x2  
  159  11:33  Factory Tech Lab  
  159  11:35  Terran Infantry Weapons Level 2  
  159  11:36  Terran Infantry Armor Level 2  
  159  11:37  Supply Depot  
  159  11:40  Supply Depot  
  159  11:42  Supply Depot  
  159  11:43  SCV  
  159  11:44  SCV  
  161  11:47  Marine x6  
  161  11:48  Marine x3  
  170  11:58  Terran Vehicle Weapons Level 2  
  170  12:05  Marine x3, Missile Turret  
  170  12:06  Medivac, Viking  
  177  12:12  Supply Depot  
  177  12:13  SCV x2  
  177  12:14  Starport  
  179  12:18  Marine  
  179  12:19  Marine x5  
  185  12:22  Marine  
  186  12:36  Medivac, Viking  
  182  12:41  Marine x2  
  182  12:42  Marine x7  
  150  12:59  Marine x4  
  150  13:00  Marine x3  
  150  13:04  Marine x2  
  159  13:05  Viking  
  159  13:06  Viking  
  163  13:17  Marine x6, Barracks  
  163  13:18  Marine  
  163  13:19  SCV x2  
  172  13:20  Barracks  
  172  13:22  Barracks  
  172  13:26  Siege Tank x2  
  178  13:32  Viking  
  180  13:38  Orbital Command  
  180  13:40  SCV x2  
  182  13:49  SCV  
  182  13:52  Marine x9, SCV x2  
  194  13:57  Sensor Tower  
  194  14:01  SCV  
  195  14:03  Sensor Tower  
  195  14:04  SCV  
  195  14:06  Marine x2  
  195  14:08  SCV  
  195  14:09  SCV  
  200  14:24  Marine, Missile Turret  
  199  14:29  Terran Infantry Armor Level 3, Marine, Terran Infantry Weapons Level 3  
  199  14:30  Marine x5  
  200  14:31  Terran Vehicle Weapons Level 3  
  200  14:34  Refinery  
  200  14:36  Refinery  
  200  14:40  Planetary Fortress  
  200  14:42  Missile Turret  
  200  14:45  Missile Turret  
  200  15:13  Marine x4  
  199  15:16  Marine  
  195  15:36  SCV  
  195  15:38  Refinery  
  196  15:47  Marine x4  
  200  16:15  Marine x4  
  200  16:16  Marine  
  188  16:27  Medivac x3, Marine x2  
  179  16:37  Marine x3  
  179  16:38  Marine x4  
  153  16:45  Marine x2  
  155  16:50  Barracks Reactor x3  
  155  16:53  Supply Depot  
  149  16:55  Marine x3  
  149  16:57  Missile Turret  
  120  17:12  Medivac, Siege Tank x2  
  120  17:13  Medivac  
  118  17:22  Factory  
  105  17:30  Marine x2  
  105  17:31  Marine x8  
  105  17:32  Marine x5  
  105  17:34  Viking  
  113  17:42  Missile Turret, Viking  
  113  17:43  Viking  
  117  17:44  Siege Tank x2  
  117  17:47  Missile Turret  
  117  17:48  Marine x4  
  117  17:49  Marine x9  
  117  17:50  Marine  
  137  17:53  Marine  
  129  18:04  Viking  
  131  18:06  Marine x5  
  131  18:07  Marine x5  
  131  18:08  Marine x4  
  131  18:11  Marine  
  131  18:12  Medivac, Command Center  
  145  18:13  Viking  
  145  18:16  Siege Tank x2  
  155  18:24  Marine  
  127  18:34  Medivac, Marine x4  
  111  18:35  Marine x3  
  111  18:40  Marine x5  
  111  18:41  Marine x2  
  112  18:42  Marine  
  105  18:52  Marine x6  
  105  18:53  Marine  
Tags
 
Add a new tag
Caveats
  • Supply blocks, unpowered buildings, or Contaminate may cause inaccurate times.
  • Supply counts are checked every 10 seconds.